 Dungeon Crawl Stone Soup version 0.30-b1-2-g02819fbbbe (webtiles) character file.

Game seed: 12145711699642015164

1150 Alarkh the Martial Artist (level 8, 58/58 HPs)
             Began as a Demonspawn Delver on May 22, 2023.
             Got out of the dungeon alive.
             The game lasted 00:08:02 (4661 turns).

Alarkh the Martial Artist (Demonspawn Delver)       Turns: 4661, Time: 00:08:03

Health: 58/58      AC:  4    Str: 12    XL:     8   Next: 15%
Magic:  8/8        EV: 11    Int: 14    God:
Gold:   193        SH:  7    Dex: 15    Spells: 7/7 levels left

rFire   . .          .
                       - Unarmed
rCold   . . .        e - +0 buckler
rNeg    . . .        A - +0 leather armour {rPois}
rPois   +            (no helmet)
rElec   .            (no cloak)
rCorr   .            (no gloves)
SInv    .            c - +0 pair of boots
Will    .....        k - amulet of regeneration
Stlth   +++          (no ring)
HPRegen 1.09/turn    (no ring)
MPRegen 0.11/turn

%: no passive effects
@: no status effects
A: large bone plates 1, ignite blood 1, weakness stinger 2
a: no special abilities


You escaped.
You visited 1 branch of the dungeon, and saw 6 of its levels.

You collected 193 gold pieces.

Inventory:

Missiles
 z - a throwing net (quivered)
Armour
 a - a +0 leather armour
 c - a +0 pair of boots (worn)
 e - a +0 buckler (worn)
 A - a +0 leather armour of poison resistance (worn)
Jewellery
 j - an amulet of magic regeneration
 k - an amulet of regeneration (around neck)
Wands
 f - a wand of digging (2)
 y - a wand of iceblast (5)
Scrolls
 b - 3 scrolls of fog
 d - 2 scrolls of fear
 i - a scroll of immolation {unknown}
 n - a scroll of vulnerability {unknown}
 q - 2 scrolls of enchant weapon {unknown}
 r - a scroll of identify
 s - a scroll of poison {unknown}
 t - 2 scrolls of teleportation
 w - a scroll of enchant armour {unknown}
 x - 2 scrolls of blinking {unknown}
Potions
 g - 2 potions of curing
 h - a potion of lignification
 l - a potion of attraction
 m - a potion of flight
 o - 3 potions of brilliance
 p - a potion of resistance {unknown}
 u - a potion of magic {unknown}
 v - a potion of ambrosia {unknown}


   Skills:
 - Level 3.0 Fighting
 - Level 1.7 Dodging
 - Level 4.5 Stealth
 + Level 9.1 Unarmed Combat


You had 7 spell levels left.
You didn't know any spells.
Your spell library contained the following spells:

 Spells                   Type           Power      Damage    Failure   Level
 Sublimation of Blood     Necr           0%         N/A       63%         2
 Wereblood                Tmut           0%         N/A       63%         2
 Summon Hydra             Summ           0%         N/A       100%        7


Dungeon Overview and Level Annotations

Branches:
Dungeon (6/15)
 Temple: D:4-7

Altars:
Ru
Trog

Shops:
D:5 [

Annotations:
D:5 3 runed translucent doors, eelars's ghost, novice MiFi


Innate Abilities, Weirdness & Mutations

You are partially covered in large bone plates. (SH +4)
Your demonic aura sometimes causes spilled blood to erupt in flames.
You have a tail ending in a sharp stinger.


Message History

You punch the jelly!
Your hands burn!
The jelly is heavily wounded.
The jelly barely misses you.
You completely miss the jelly.
The jelly is heavily wounded.
The jelly closely misses you.
You punch the jelly!
You kill the jelly!
No target in view!
No target in view!
No target in view!
No target in view!
No target in view!
No target in view!
No target in view!
No target in view!
(D) Dungeon
Where to? (Enter - D:6, ? - help)
What level of the Dungeon? (default 1, ? - help)
There is a stone staircase leading up here.
You climb upwards.
Level annotation: 3 runed translucent doors, eelars's ghost, novice MiFi
There is a stone staircase leading down here.
There is a stone staircase leading up, spattered with blood here.
You climb upwards.
There is a stone staircase leading down here.
There is a stone staircase leading up here.
You climb upwards.
There is a stone staircase leading down, spattered with blood here.
You see here a +0 club.
There is a stone staircase leading up here.
You climb upwards.
There is a stone staircase leading down here.
There is a stone staircase leading up here.
You climb upwards.
There is a stone staircase leading down here.
There is an open door here.
There is a staircase leading out of the dungeon here.
Are you sure you want to leave the Dungeon?
This will make you lose the game!
You have escaped!

#..................#..>.##
###....##...................
##..)........................
#####..#....###8'8###...#########
...........##≈~~.~~≈##..#
...#.##...##≈~~.P.~≈~##.#
.........##≈~P..8..P≈≈###
....####.#≈~~.......~~~# ...##
#.#≈P.8..@..8.P≈# .))#
#.#≈~~.......~~≈#
...#####.##≈≈P..8..P~≈### ##
....##....##≈~≈.P.≈~~##.# ##.
...........##≈~~.~≈≈##..#######..
............###8'8###...........#
(.................#####..########
..........................#
..................#######.#####


There were no monsters in sight!

Vanquished Creatures
  Duvessa (D:5)
  A black bear (D:5)
  A centaur (D:5)
  A phantom (D:4)
  3 scorpions
  Dowan (D:5)
  A howler monkey (D:5)
  A hound (D:5)
  A jelly (D:6)
  2 orc priests (D:6)
  A sleepcap (D:3)
  A gnoll bouda (D:3)
  An orc wizard (D:5)
  An iguana (D:4)
  12 gnolls
  7 adders
  A white imp (D:5)
  An ufetubus (D:6)
  2 worms (D:3)
  A dart slug (D:2)
  15 orcs
  4 bats
  4 endoplasms
  8 giant cockroaches
  14 goblins
  6 hobgoblins
  8 jackals
  4 kobolds
  6 quokkas
  4 ball pythons
  5 frilled lizards
  7 rats
126 creatures vanquished.

Notes
Turn   | Place    | Note
-------+----------+-------------------------------------------
     0 | D:5      | Alarkh the Demonspawn Delver began the quest for the Orb.
     0 | D:5      | Reached XP level 1. HP: 18/18 MP: 1/1
     5 | D:5      | Found a runed translucent gate.
     6 | D:5      | Found a runed translucent gate.
     6 | D:5      | Noticed a hornet
     6 | D:5      | Noticed eelars's ghost (novice MiFi)
    17 | D:5      | Noticed a black bear
    69 | D:5      | Found a runed translucent gate.
    70 | D:5      | Noticed a scorpion
    98 | D:5      | Found a sacrificial altar of Ru.
    99 | D:5      | Noticed an orc wizard
   117 | D:5      | Killed an orc wizard
   118 | D:5      | Reached skill level 3 in Unarmed Combat
   118 | D:5      | Gained mutation: You have a small tail. [demonic ancestry]
   118 | D:5      | Reached XP level 2. HP: 13/24 MP: 2/2
   118 | D:5      | Noticed Dowan
   121 | D:5      | Noticed Duvessa
   232 | D:4      | Gained mutation: Your demonic aura sometimes causes spilled
                  | blood to erupt in flames. [demonic ancestry]
   232 | D:4      | Reached XP level 3. HP: 29/29 MP: 3/3
   663 | D:1      | Found a faded altar of an unknown god.
   974 | D:2      | Reached XP level 4. HP: 30/35 MP: 4/4
   993 | D:2      | Reached skill level 4 in Unarmed Combat
  1726 | D:3      | Found a bloodstained altar of Trog.
  1815 | D:3      | Gained mutation: You have a tail ending in a sharp stinger.
                  | [demonic ancestry]
  1815 | D:3      | Reached XP level 5. HP: 10/41 MP: 5/5
  2117 | D:3      | Reached skill level 5 in Unarmed Combat
  2788 | D:4      | Reached XP level 6. HP: 26/47 MP: 6/6
  2892 | D:4      | Reached skill level 6 in Unarmed Combat
  3760 | D:5      | Reached skill level 7 in Unarmed Combat
  3767 | D:5      | Reached XP level 7. HP: 36/52 MP: 7/7
  3898 | D:5      | Killed Dowan
  3899 | D:5      | Reached skill level 8 in Unarmed Combat
  3924 | D:5      | HP: 1/52 [Duvessa/+0 short sword (16)]
  3925 | D:5      | Killed Duvessa
  4329 | D:5      | Found Recsas's Antique Armour Shoppe.
  4466 | D:6      | Gained mutation: You are partially covered in large bone
                  | plates. (SH +4) [demonic ancestry]
  4466 | D:6      | Reached XP level 8. HP: 58/58 MP: 8/8
  4493 | D:6      | Reached skill level 9 in Unarmed Combat
  4661 | D:$      | Got out of the dungeon alive.

Illustrated notes

Levels and vault maps discovered:
D:1:      lightli_arrival_statuegarden, layout_rooms, basic_ecumenical_altar
D:2:      layout_basic
D:3:      layout_basic, mainiacjoe_overflow_six_doors_small,
          mainiacjoe_overflow_surrounded_room, minmay_ruptured
D:4:      nicolae_cairo_tiling, layout_layer_cave, st_stairs_10
D:5:      layout_basic, nicolae_ru_great_annihilating_truth,
          gammafunk_ghost_split, portal_sewer_entry_f, serial_shops,
          nicolae_lakefront_shop, uniq_duvessa
D:6:      layout_basic, slow_altar_2

Skill      XL: |  1  2  3  4  5  6  7  8 |
---------------+-------------------------+-----
Unarmed Combat | 3 4 5 7 8 9 |  9.1
Fighting       | |  3.0
Dodging        | |  1.7
Stealth        | |  4.5

Action                     |  1- 3 |  4- 6 |  7- 9 || total
---------------------------+-------+-------+-------++-------
  Melee: Unarmed           |   104 |   303 |   110 ||   517
         Tailslap          |     5 |    44 |    17 ||    66
         Punch             |     1 |       |       ||     1
  Evoke: Wand              |       |     2 |     2 ||     4
    Use: Potion            |     1 |     2 |     1 ||     4
         Scroll            |     1 |     4 |       ||     5
   Stab: Sleeping          |     3 |     5 |     1 ||     9
         Distracted        |     1 |       |       ||     1
         Paralysed         |       |       |     1 ||     1
 Armour: Leather armour    |    33 |    97 |    22 ||   152
         Skin              |       |       |     1 ||     1
  Dodge: Dodged            |    51 |   165 |    79 ||   295
  Block: Buckler           |       |    36 |    24 ||    60
